 Dungeon Crawl Stone Soup version 0.29-a0-352-g0917bc69df (webtiles) character file.

Game seed: 241951770333565990

25 Warped the Shield-Bearer (level 3, -5/29 HPs)
             Began as a Formicid Fighter on Apr 2, 2022.
             Slain by Terence
             ... wielding a +0 flail
              (6 damage)
             ... on level 2 of the Dungeon on Apr 23, 2022.
             The game lasted 00:01:23 (1020 turns).

Warped the Shield-Bearer (Formicid Fighter)         Turns: 1020, Time: 00:01:25

Health: -5/29      AC:  6    Str: 22    XL:     3   Next: 20%
Magic:  3/3        EV:  9    Int:  7    God:
Gold:   30         SH:  4    Dex: 10    Spells: 2/2 levels left

rFire   . . .      SeeInvis +   a - +0 war axe
rCold   . . .      Faith    .   c - +0 buckler
rNeg    . . .      Spirit   .   b - +0 scale mail
rPois   .          Reflect  .   (helmet unavailable)
rElec   .          Harm     .   (no cloak)
rCorr   .          Rampage  .   (no gloves)
Will    .....                   (no boots)
Stlth   ..........              (no amulet)
HPRegen 0.09/turn               (no ring)
MPRegen 0.08/turn               (no ring)

@: mighty, brilliant
A: permanent stasis, dig shafts and tunnels, antennae 3, four strong arms
a: Dig, Shaft Self


You were on level 2 of the Dungeon.
You visited 1 branch of the dungeon, and saw 2 of its levels.

You collected 30 gold pieces.

Inventory:

Hand Weapons
 a - a +0 war axe (weapon)
Armour
 b - a +0 scale mail (worn)
 c - a +0 buckler (worn)
Scrolls
 e - a scroll of enchant weapon {unknown}
 g - a scroll of teleportation {unknown}
 h - a scroll of silence {unknown}
Potions
 f - a potion of lignification {unknown}
 i - a potion of brilliance
 j - a potion of degeneration {unknown}
 k - a potion of mutation {unknown}
 l - a potion of flight {unknown}


   Skills:
 - Level 3.2 Fighting
 + Level 3.4 Axes
 - Level 3.2 Armour
 - Level 3.6 Shields


You had 2 spell levels left.
You didn't know any spells.
Your spell library contained the following spells:

 Spells                   Type           Power      Damage    Failure   Level
 Sting                    Tmut/Pois      0%         1d3       83%         1


Dungeon Overview and Level Annotations

Branches:
Dungeon (2/15)

Altars:

Shops:
D:1 !

Annotations:
D:2 Terence


Innate Abilities, Weirdness & Mutations

You cannot be hasted, slowed, berserked, paralysed or teleported.
You can dig through walls and to a lower floor.
You have a pair of large antennae on your head. (SInv)
Your four strong arms can wield two-handed weapons with a shield.


Message History

Terence hits you with a +0 flail.
Terence is nearby!
You hit Terence.
Terence is lightly wounded.
Terence hits you with a +0 flail.
Terence is nearby!
You barely miss Terence.
Terence is lightly wounded.
Terence hits you with a +0 flail. Terence screams, "I want your blood!"
Terence misses you.
Terence is nearby!
You barely miss Terence.
Terence is lightly wounded.
Terence hits you with a +0 flail.
Terence is nearby!
You slash Terence!
Terence is heavily wounded.
Terence barely misses you. x2
Terence is nearby!
You closely miss Terence.
Terence is heavily wounded.
Terence hits you with a +0 flail.
You hit Terence.
Terence is almost dead.
Terence hits you with a +0 flail!
* * * LOW HITPOINT WARNING * * *
You are too injured to fight recklessly!
It was a potion of brilliance.
You feel clever all of a sudden. Terence barely misses you.
You feel very mighty all of a sudden. Terence closely misses you.
You barely miss Terence.
Terence is almost dead.
Terence hits you with a +0 flail.
* * * LOW HITPOINT WARNING * * *
Terence says, "Did you write a will?
You should..."
Terence hits you with a +0 flail.
You die...

..# #.# #.# ..#
####.###.# ###........
##......# ## #@@..$..#
..#
#.........##.###..####
#...?#..#.##..........
#............#.#######
#.##.........#...# #
###....####.#.# ##.#.#
#.#.# ...#.# #.#.# #
#.#.#


You could see Terence.

Vanquished Creatures
  2 bats (D:1)
  4 endoplasms (D:1)
  2 giant cockroaches (D:1)
  3 hobgoblins (D:1)
  3 jackals (D:1)
  A quokka (D:1)
  3 ball pythons (D:1)
  A frilled lizard (D:1)
  2 goblins (D:1)
  A rat (D:2)
22 creatures vanquished.

Vanquished Creatures (others)
  4 toadstools (D:1)
4 creatures vanquished.

Grand Total: 26 creatures vanquished

Notes
Turn   | Place    | Note
-------+----------+-------------------------------------------
     0 | D:1      | Warped the Formicid Fighter began the quest for the Orb.
     0 | D:1      | Reached XP level 1. HP: 18/18 MP: 1/1
    40 | D:1      | Found Jurre's Distillery.
    45 | D:1      | Reached XP level 2. HP: 10/24 MP: 2/2
   599 | D:1      | Reached XP level 3. HP: 29/29 MP: 3/3
   654 | D:1      | Upgraded the game from 0.29-a0-320-g9f8742066b to
                  | 0.29-a0-352-g0917bc69df
   843 | D:1      | Found a faded altar of an unknown god.
   854 | D:1      | Got Plato's Grimoire of Contamination
  1008 | D:2      | Noticed Terence
  1020 | D:2      | HP: 1/29 [Terence/+0 flail (4)]
  1020 | D:2      | Slain by Terence

Illustrated notes

Levels and vault maps discovered:
D:1:      ldierk_water_garden, layout_loops_ring,
          shapermc_ecumenical_altar_rom_forum, serial_shops,
          nicolae_shop_competitors_out_of_business, st_stairs_12,
          kennysheep_decorative_pillar, minmay_quantized
D:2:      layout_loops_ring, minmay_pentomino_u4, uniq_terence

Skill      XL: |  1  2 |
---------------+-------+-----
Axes           | 3 |  3.4
Fighting       | |  3.2
Armour         | |  3.2
Shields        | |  3.6

Action                   || total
-------------------------++-------
Melee: War axe           ||    53
 Abil: Dig               ||     1
  Use: Potion            ||     2
Armor: Scale mail        ||    25
Dodge: Dodged            ||    32
Block: Buckler           ||    12

Table legend: (Time is in decaauts)
 A = Elapsed time spent in this place.
 B = Non-inter-level travel time spent in this place.
 C = Inter-level travel time spent in this place.
 D = Time resting spent in this place.
 E = Time spent auto-exploring this place.
 F = Levels seen in this place.
 G = Mean time per level.
                   A        B        C        D        E       F      G
               +--------+--------+--------+--------+--------+-----+--------+
         Total |   1044 |   1018 |     26 |      0 |    861 |   2 |  522.0 |
       Dungeon |   1044 |   1018 |     26 |      0 |    861 |   2 |  522.0 |
               +--------+--------+--------+--------+--------+-----+--------+

Top non-repeatable levels by time:
     D:1: 1002 daAuts
     D:2: 42 daAuts
